 Dungeon Sprint DCSS version 0.27-a0-394-g49c82dfaf2 (webtiles) character file.

Game seed: 17644522394154585304

57138 mhtbhm the Executioner (level 14, -2/155 HPs)
             Began as a Minotaur Fighter on Feb 20, 2021.
             Was a High Priest of Trog.
             Killed from afar by a Hell Sentinel (37 damage)
             ... with damnation
             ... summoned by Dispater
             ... in the Dungeon (Sprint VII: "The Pits").
             The game lasted 00:16:44 (6333 turns).

mhtbhm the Executioner (Minotaur Fighter)           Turns: 6333, Time: 00:16:46

Health: -2/155     AC: 39    Str: 25    XL:     14   Next: 44%
Magic:  13/13      EV: 12    Int:  5    God:    Trog [*****.]
Gold:   55         SH: 25    Dex: 14    Spells: 13/13 levels left

rFire    + . .     SeeInvis +   a - +4 broad axe (flame)
rCold    . . .     Faith    .   F - +1 tower shield
rNeg     . . .     Spirit   .   b - +9 plate armour of Spite {rF+ SInv}
rPois    +         Reflect  .   (helmet restricted)
rElec    .         Harm     .   n - +1 cloak
rCorr    .         Rampage  .   G - +1 pair of gloves
Will     +++..     NoTele   +   r - +1 pair of boots
Stlth    ..........             (no amulet)
HPRegen  1.35/turn              m - +3 ring of protection
MPRegen  0.13/turn              A - ring "Qiowusuh" {rPois Dex+3}

@: mighty, berserk cooldown, regenerating, slowed, very slow
A: retaliatory headbutt, horns 2
a: Renounce Religion, Berserk, Trog's Hand, Brothers in Arms


You were in the Dungeon.
You worshipped Trog.
Trog was extremely pleased with you.
You visited 1 branch You collected 55 gold pieces.

Inventory:

Hand Weapons
 a - a +4 broad axe of flaming (weapon)
 s - a +3 vorpal executioner's axe
 C - the +8 whip "Snakebite" {curare, rPois}
   (You found it in the Dungeon)

   It poisons the flesh of those it strikes.
   It protects you from poison.
Missiles
 D - a throwing net (quivered)
 E - 13 javelins
Armour
 b - the +9 plate armour of Spite (worn) {rF+ SInv}
   (You found it in the Dungeon)

   It protects you from fire.
   It lets you see invisible.
 c - a +0 kite shield
 n - a +1 cloak (worn)
 r - a +1 pair of boots (worn)
 F - a +1 tower shield (worn)
 G - a +1 pair of gloves (worn)
Jewellery
 m - a +3 ring of protection (left hand)
 w - a ring of see invisible
 y - a ring of protection from fire
 z - a ring of ice
 A - the ring "Qiowusuh" (right hand) {rPois Dex+3}
   (You found it in the Dungeon)

   [ring of poison resistance]

   It affects your dexterity (+3).
   It protects you from poison.
Scrolls
 l - a scroll of summoning
 t - 4 scrolls of enchant weapon
 u - 4 scrolls of enchant armour
 v - a scroll of identify
Potions
 d - a potion of might
 e - 10 potions of curing
 f - 6 potions of heal wounds
 g - a potion of haste
 h - 4 potions of magic
 i - 4 potions of berserk rage
 k - a potion of invisibility
 o - a potion of resistance
 p - 3 potions of mutation
Miscellaneous
 q - a box of beasts
 x - a phantom mirror
 B - a box of beasts


   Skills:
 + Level 22.5 Fighting
 + Level 24.1 Axes
 + Level 19.1 Armour
 + Level 10.1 Dodging
 - Level 4.0 Stealth
 + Level 22.1 Shields
 + Level 4.5 Unarmed Combat


You had 13 spell levels left.
You didn't know any spells.
Your spell library was empty.

Dungeon Overview and Level Annotations

Branches:
Dungeon (1/1)

Altars:
Ashenzari
Cheibriados
Dithmenos
Elyvilon
Fedhas
Gozag
Hepliaklqana
Kikubaaqudgha
Makhleb
Nemelex Xobeh
Okawaru
Qazlal
Ru
Sif Muna
Trog
Uskayaw
Vehumet
Wu Jian
Xom
Yredelemnul
Zin
The Shining One
Beogh
Jiyva
Lugonu

Annotations:
D Dispater


Innate Abilities, Weirdness & Mutations

You reflexively headbutt those who attack you in melee.
You have a pair of horns on your head.


Message History

Your shield prevents you from hitting Dispater.
You headbutt Dispater!
Dispater is moderately wounded.
You hit the Hell Sentinel but do no damage.
You slash the Hell Sentinel! You block Dispater's attack.
You slice Dispater!!
Dispater is moderately wounded.
Your plate armour of Spite prevents you from hitting the Hell Sentinel.
You slice the Hell Sentinel!!
You are no longer berserk.
You are exhausted.
You feel yourself slow down. You block the Hell Sentinel's attack.
The Hell Sentinel hits you but does no damage.
You block the Hell Sentinel's attack. x2
You hit Dispater but do no damage.
Dispater is moderately wounded.
You hit the Hell Sentinel but do no damage.
You slice the Hell Sentinel!!
Dispater gestures.
The Hell Sentinel hits you!
* * * LOW HITPOINT WARNING * * *
You block the Hell Sentinel's attack. The Hell Sentinel barely misses you.
You block the Hell Sentinel's attack.
You feel much better. You block Dispater's attack.
You block the Hell Sentinel's attack.
The Hell Sentinel hits you but does no damage.
You block the Hell Sentinel's attack. x2
Your troll goes berserk!
You block the Hell Sentinel's attack. x2; The Hell Sentinel barely misses you.
You furiously retaliate!
You headbutt the Hell Sentinel, but do no damage.
The Hell Sentinel hits you but does no damage.
The Hell Sentinel hits you.
* * * LOW HITPOINT WARNING * * *
The Hell Sentinel hits you but does no damage.
You block the Hell Sentinel's attack. The Hell Sentinel hits you!
* * * LOW HITPOINT WARNING * * *
The Hell Sentinel gestures at you.
The sphere of damnation explodes!
The damnation engulfs you!!!
You die...

#..##)#(#.#)#.#.#.
#..#)#############
############..)..............
_________.##..)..............
_________.###########''######
_______...###########''######
##########'##T...............#
#.?()')))'.##11....#..#......#
##########.##@1..............'
#.....).....'.&..............'
#'#####'#####......#..#......#
#.#...#.#..##................#
#.#...#.#))#####'#####''######
#.#...'.#))##.......##''######
#.##'####))##.......##......+.
#.#.รทรท..#[[##.......##.)....+.
#.#.....#'###...<...##.....##.


You could see Dispater, 3 Hell Sentinels and a friendly troll (summoned,
berserk).

Vanquished Creatures
  A curse toe (D)
  A bone dragon (D)
  A pearl dragon (D)
  A titan (D)
  A sphinx (D)
  A storm dragon (D)
  A death cob (D)
  A draconian monk (D)
  A nagaraja (D)
  An orc warlord (D)
  A stone giant (D)
  2 vampire knights (D)
  A deep elf demonologist (D)
  An apis (D)
  An eidolon (D)
  A vault guard (D)
  A hydra (D)
  2 ice dragons (D)
  A naga warrior (D)
  Erolcha (D)
  A boulder beetle (D)
  A catoblepas (D)
  A merfolk aquamancer (D)
  A vampire mage (D)
  An orc high priest (D)
  A spriggan berserker (D)
  A sun demon (D)
  4 deep elf knights (D)
  A shadow wraith (D)
  A skeletal warrior (D)
  A cherub (D)
  A wizard (D)
  A phantasmal warrior (D)
  A bog body (D)
  A swamp dragon (D)
  A deep elf zephyrmancer (D)
  2 deep elf pyromancers (D)
  9 orc knights (D)
  A cyclops (D)
  A gargoyle (D)
  2 orange demons (D)
  A hellion (D)
  A black mamba (D)
  2 cane toads (D)
  A yaktaur (D)
  A komodo dragon (D)
  A demonic crawler (D)
  A red devil (D)
  A guardian mummy (D)
  A freezing wraith (D)
  A troll (D)
  An efreet (D)
  A polar bear (D)
  A hornet (D)
  2 wind drakes (D)
  4 blink frogs (D)
  A wandering mushroom (D)
  A spriggan (D)
  4 redbacks (D)
  A fire bat (D)
  A wraith (D)
  A steam dragon (D)
  A small abomination (D)
  3 wargs (D)
  A large abomination (D)
  A water moccasin (D)
  Purgy (D)
  3 orc warriors (D)
  2 centaurs (D)
  An ogre (D)
  A bullfrog (D)
  4 wights (D)
  A jelly (D)
  An orc priest (D)
  A gnoll shaman (D)
  2 iron imps (D)
  2 iguanas (D)
  An orc wizard (D)
  A worker ant (D)
  2 gnolls (D)
  An adder (D)
  2 river rats (D)
  4 leopard geckos (D)
  8 orcs (D)
  3 goblins (D)
  2 hobgoblins (D)
  3 jackals (D)
  A quokka (D)
  A bat (D)
  A bat simulacrum (D)
  A giant cockroach zombie (D)
  A rat (D)
142 creatures vanquished.

Vanquished Creatures (collateral kills)
  An orc warlord (D)
  A fire dragon (D)
  A yaktaur captain (D)
  A vault guard (D)
  2 catoblepae (D)
  3 skeletal warriors (D)
  A swamp dragon (D)
  2 orc knights (D)
  A wolf spider (D)
  A rust devil (D)
  A yaktaur (D)
  An ice devil (D)
  A jumping spider (D)
  A tyrant leech (D)
  3 merfolk (D)
  2 redbacks (D)
23 creatures vanquished.

Vanquished Creatures (others)
  A merfolk javelineer (D)
  A ball python (D)
  A hobgoblin (D)
  3 jackals (D)
6 creatures vanquished.

Grand Total: 171 creatures vanquished

Notes
Turn   | Place    | Note
-------+----------+-------------------------------------------
     0 | D        | mhtbhm the Minotaur Fighter began the quest for the Orb.
     0 | D        | Reached XP level 1. HP: 19/19 MP: 0/0
    20 | D        | Found a bloodstained altar of Trog.
    20 | D        | Found a shimmering blue altar of Sif Muna.
    20 | D        | Found a viscous altar of Jiyva.
    20 | D        | Found a hazy altar of Hepliaklqana.
    20 | D        | Found an opulent altar of Gozag.
    21 | D        | Found a glowing golden altar of the Shining One.
    21 | D        | Found a glowing silver altar of Zin.
    21 | D        | Found a basalt altar of Yredelemnul.
    21 | D        | Found a shimmering altar of Xom.
    21 | D        | Found an ornate altar of the Wu Jian Council.
    21 | D        | Found a sacrificial altar of Ru.
    21 | D        | Found a stormy altar of Qazlal.
    21 | D        | Found an iron altar of Okawaru.
    21 | D        | Found a sparkling altar of Nemelex Xobeh.
    21 | D        | Found a burning altar of Makhleb.
    21 | D        | Found a blossoming altar of Fedhas.
    21 | D        | Found a white marble altar of Elyvilon.
    21 | D        | Found a shadowy altar of Dithmenos.
    21 | D        | Found a snail-covered altar of Cheibriados.
    23 | D        | Found a radiant altar of Vehumet.
    23 | D        | Found a corrupted altar of Lugonu.
    23 | D        | Found a roughly hewn altar of Beogh.
    25 | D        | Became a worshipper of Trog the Wrathful
    70 | D        | Reached XP level 2. HP: 28/28 MP: 1/1
    81 | D        | Reached * piety under Trog
    87 | D        | Reached skill level 5 in Fighting
    87 | D        | Reached skill level 3 in Axes
    87 | D        | Reached skill level 5 in Armour
    87 | D        | Reached skill level 5 in Shields
   271 | D        | Reached ** piety under Trog
   277 | D        | Reached XP level 3. HP: 18/36 MP: 2/2
   533 | D        | Reached *** piety under Trog
   534 | D        | Reached skill level 4 in Axes
   534 | D        | Reached skill level 1 in Dodging
   534 | D        | Reached XP level 4. HP: 36/44 MP: 3/3
   535 | D        | Reached **** piety under Trog
   536 | D        | Reached skill level 5 in Axes
   536 | D        | Reached XP level 5. HP: 16/51 MP: 4/4
   538 | D        | Reached skill level 6 in Axes
   543 | D        | Reached skill level 7 in Axes
   807 | D        | Reached XP level 6. HP: 61/61 MP: 5/5
   809 | D        | Noticed a boulder beetle
   814 | D        | Noticed a warg
   816 | D        | Reached ***** piety under Trog
   829 | D        | Killed a warg
   830 | D        | Reached skill level 8 in Axes
   832 | D        | Reached skill level 9 in Axes
   832 | D        | Reached skill level 10 in Armour
   832 | D        | Reached XP level 7. HP: 25/69 MP: 6/6
  1078 | D        | Received a gift from Trog
  1080 | D        | Reached skill level 10 in Axes
  1165 | D        | Killed a boulder beetle
  1166 | D        | Reached skill level 10 in Fighting
  1166 | D        | Reached skill level 12 in Axes
  1166 | D        | Reached skill level 10 in Shields
  1166 | D        | Reached XP level 8. HP: 51/79 MP: 7/7
  1289 | D        | Noticed a hornet
  1293 | D        | Killed a hornet
  1294 | D        | Reached skill level 5 in Dodging
  1396 | D        | Noticed a vampire knight
  1396 | D        | Noticed a blink frog
  1396 | D        | Noticed a blink frog
  1396 | D        | Noticed a blink frog
  1396 | D        | Noticed a blink frog
  1404 | D        | Killed a vampire knight
  1405 | D        | Reached skill level 14 in Axes
  1405 | D        | Reached XP level 9. HP: 89/89 MP: 8/8
  1409 | D        | Reached ****** piety under Trog
  1468 | D        | Noticed a deep elf pyromancer
  1479 | D        | Killed a deep elf pyromancer
  1479 | D        | Received a gift from Trog
  1480 | D        | Reached skill level 15 in Axes
  1492 | D        | Noticed a catoblepas
  1493 | D        | Noticed a polar bear
  1504 | D        | Killed a catoblepas
  1505 | D        | Reached skill level 16 in Axes
  1505 | D        | Reached XP level 10. HP: 65/97 MP: 9/9
  1709 | D        | Noticed Erolcha
  1709 | D        | Noticed a vampire mage
  1722 | D        | Killed a vampire mage
  1727 | D        | Reached skill level 1 in Unarmed Combat
  1739 | D        | Killed Erolcha
  1739 | D        | Received a gift from Trog
  1740 | D        | Reached skill level 17 in Axes
  2086 | D        | Killed a shadow wraith
  2201 | D        | Noticed a cane toad
  2202 | D        | Noticed an orange demon
  2205 | D        | Noticed an orc knight
  2211 | D        | Noticed a phantasmal warrior
  2213 | D        | Killed a cane toad
  2226 | D        | Noticed a cane toad
  2227 | D        | Received a gift from Trog
  2228 | D        | Killed a phantasmal warrior
  2229 | D        | Killed an orc knight
  2230 | D        | Reached skill level 18 in Axes
  2230 | D        | Reached XP level 11. HP: 107/107 MP: 10/10
  2234 | D        | Received a gift from Trog
  2420 | D        | Noticed a sun demon
  2434 | D        | Noticed a four-headed hydra
  2442 | D        | Killed a sun demon
  2442 | D        | Received a gift from Trog
  2451 | D        | Killed a two-headed hydra
  2452 | D        | Reached skill level 15 in Armour
  2460 | D        | Reached skill level 19 in Axes
  2481 | D        | Received a gift from Trog
  2768 | D        | Noticed an apis
  2768 | D        | Noticed a deep elf pyromancer
  2778 | D        | Killed a deep elf pyromancer
  2779 | D        | Reached skill level 1 in Stealth
  2779 | D        | Reached skill level 15 in Shields
  2783 | D        | Killed an apis
  2949 | D        | Noticed Purgy
  2949 | D        | Noticed a swamp dragon
  2960 | D        | Received a gift from Trog
  2961 | D        | Noticed an orc high priest
  2964 | D        | Killed Purgy
  2969 | D        | Noticed a sixfirhy
  2974 | D        | Killed a swamp dragon
  2975 | D        | Reached skill level 15 in Fighting
  2984 | D        | Killed an orc high priest
  2988 | D        | Received a gift from Trog
  3224 | D        | Noticed a nagaraja
  3224 | D        | Noticed a deep elf zephyrmancer
  3224 | D        | Noticed an eidolon
  3224 | D        | Noticed an ice dragon
  3224 | D        | Noticed a sphinx
  3224 | D        | Noticed an ice dragon
  3224 | D        | Noticed a vampire knight
  3224 | D        | Noticed a merfolk aquamancer
  3225 | D        | Found the +8 whip "Snakebite" {curare, rPois}
  3233 | D        | Killed an eidolon
  3234 | D        | Reached skill level 20 in Axes
  3234 | D        | Reached XP level 12. HP: 122/122 MP: 11/11
  3237 | D        | Killed a nagaraja
  3238 | D        | Killed an ice dragon
  3240 | D        | Killed an ice dragon
  3243 | D        | Killed a merfolk aquamancer
  3243 | D        | Received a gift from Trog
  3244 | D        | Killed a sphinx
  3246 | D        | Killed a vampire knight
  3254 | D        | Reached skill level 21 in Axes
  3258 | D        | Got the ring "Qiowusuh" {rPois Dex+3}
  3505 | D        | Received a gift from Trog
  3544 | D        | Noticed a bone dragon
  3555 | D        | Killed a bone dragon
  3593 | D        | Noticed a pearl dragon
  3604 | D        | Killed a pearl dragon
  3605 | D        | Reached XP level 13. HP: 136/136 MP: 12/12
  3726 | D        | Noticed a black draconian monk
  3739 | D        | Killed a black draconian monk
  3857 | D        | Noticed a titan
  3863 | D        | Killed a titan
  4009 | D        | Noticed a death cob
  4010 | D        | Noticed a storm dragon
  4015 | D        | Killed a death cob
  4016 | D        | Reached skill level 22 in Axes
  4023 | D        | Killed a storm dragon
  4023 | D        | Received a gift from Trog
  4036 | D        | Noticed a merfolk javelineer
  4043 | D        | Killed a merfolk javelineer
  4050 | D        | Received a gift from Trog
  4062 | D        | Received a gift from Trog
  4111 | D        | Received a gift from Trog
  4115 | D        | Got a shimmering war axe {god gift}
  4116 | D        | Identified the +6 war axe of Foxuda {vorpal, *Corrode Will+
                  | Dex+8} (Trog gifted it to you in the Dungeon)
  4186 | D        | Noticed a deep elf demonologist
  4190 | D        | Killed a deep elf demonologist
  4499 | D        | Noticed a curse toe
  4828 | D        | Killed a curse toe
  4828 | D        | Received a gift from Trog
  4829 | D        | Reached skill level 23 in Axes
  5141 | D        | Noticed an orc warlord
  5145 | D        | Noticed an orc warlord
  5152 | D        | Received a gift from Trog
  5153 | D        | Reached XP level 14. HP: 151/151 MP: 13/13
  5154 | D        | Killed an orc warlord
  5163 | D        | Killed an orc warlord
  5165 | D        | Received a gift from Trog
  5171 | D        | Reached skill level 10 in Dodging
  5172 | D        | Received a gift from Trog
  5191 | D        | Received a gift from Trog
  5201 | D        | HP: 2/154 [something/shard of ice (20)]
  5639 | D        | Reached skill level 24 in Axes
  5663 | D        | Got the +9 plate armour of Spite {rF+ SInv}
  5868 | D        | Noticed a curse toe
  5868 | D        | Noticed a frost giant
  5868 | D        | Found the +4 staff of Dispater
  5868 | D        | Noticed Dispater
  5868 | D        | Noticed a stone giant
  5877 | D        | Received a gift from Trog
  5880 | D        | Killed a stone giant
  5889 | D        | HP: 11/232 [Dispater/the +4 staff of Dispater (7)]
  6305 | D        | Found a hide-covered altar of Uskayaw.
  6305 | D        | Found an ancient bone altar of Kikubaaqudgha.
  6305 | D        | Found a broken altar of Ashenzari.
  6315 | D        | Noticed a Hell Sentinel
  6317 | D        | Noticed a Hell Sentinel
  6332 | D        | Noticed a Hell Sentinel
  6333 | D        | Killed from afar by a Hell Sentinel

Illustrated notes

Levels and vault maps discovered:
D:        pitsprint [storerooms_1, entrance_room_1, metal_vault_4, armoury_1,
          mini_pit_1, grid_room_1, main_hall_1, silver_pit, the_coven_3,
          the_vestibule_1, steel_vault_1, golden_pit, hallway_of_sentries,
          crystal_vault_1, iron_vault_2, final_vault]

Skill      XL: |  1  2  3  4  5  6  7  8  9 10 11 12 13 14 |
---------------+-------------------------------------------+-----
Fighting       | 4 5 6 8 10 11 12 13 15 18 21 22 | 22.5
Armour         | 4 5 6 7 8 10 11 12 13 14 15 16 18 19 | 19.1
Shields        | 4 5 6 7 8 9 10 12 13 14 16 18 21 22 | 22.1
Axes           | 3 4 5 7 9 12 14 16 18 20 21 23 24 | 24.1
Dodging        | 1 2 3 4 5 6 7 8 9 10 | 10.1
Unarmed Combat | 3 4 |  4.5
Stealth        | 1 4 |  4.0

Action                   |  1- 3 |  4- 6 |  7- 9 | 10-12 | 13-15 || total
-------------------------+-------+-------+-------+-------+-------++-------
Melee: Hand axe          |    39 |    31 |    11 |       |       ||    81
       Headbutt          |     5 |     6 |    12 |    40 |    55 ||   118
       War axe           |     1 |       |       |       |    24 ||    25
       Broad axe         |       |       |    42 |   191 |   168 ||   401
       Unarmed           |       |       |       |    16 |       ||    16
Invok: Berserk           |     1 |     1 |     2 |     8 |     8 ||    20
       Brothers in Arms  |       |       |       |       |     8 ||     8
       Trog's Hand       |       |       |       |       |     1 ||     1
  Use: Potion            |       |       |       |       |    13 ||    13
       Scroll            |       |       |       |       |     4 ||     4
 Stab: Invisible         |       |       |       |       |     3 ||     3
Armor: Scale mail        |    17 |       |       |       |       ||    17
       Chain mail        |     5 |     6 |    27 |    76 |    43 ||   157
       Skin              |       |       |       |     4 |       ||     4
       Plate armour      |       |       |       |       |    13 ||    13
Dodge: Dodged            |    12 |     5 |    14 |    76 |    57 ||   164
Block: Kite shield       |    23 |    20 |    38 |   109 |    86 ||   276
       Tower shield      |       |       |       |       |    53 ||    53

Table legend: (Time is in decaauts)
 A = Elapsed time spent in this place.
 B = Non-inter-level travel time spent in this place.
 C = Inter-level travel time spent in this place.
 D = Time resting spent in this place.
 E = Time spent auto-exploring this place.
 F = Levels seen in this place.
 G = Mean time per level.
                   A        B        C        D        E       F      G
               +--------+--------+--------+--------+--------+-----+--------+
         Total |   6369 |   6369 |      0 |   3945 |    253 |   1 | 6369.0 |
       Dungeon |   6369 |   6369 |      0 |   3945 |    253 |   1 | 6369.0 |
               +--------+--------+--------+--------+--------+-----+--------+

Top non-repeatable levels by time:
       D: 6369 daAuts
